 Dungeon Sprint DCSS version 0.22.1-2-g9c5b331 (webtiles) character file.

87000 diana the Warrior (level 15, -16/142 HPs)
             Began as a Demonspawn Gladiator on Nov 30, 2018.
             Was the Champion of Cheibriados.
             Killed from afar by a fire dragon (38 damage)
             ... with a blast of flame
             ... in the Dungeon (Sprint V: "Ziggurat Sprint").
             The game lasted 00:22:20 (1229 turns).

diana the Warrior (Demonspawn Gladiator)            Turns: 1229, Time: 00:22:21

Health: -16/142    AC: 37    Str: 40    XL:     15   Next: 42%
Magic:  0/29       EV: 26    Int: 24    God:    Cheibriados [******]
Gold:   0          SH: 36    Dex: 37    Spells: 25/34 levels left

rFire    . . .     SeeInvis +   O - +9 sword of Zonguldrok {reap}
rCold    + + +     Gourm    .   J - +18 shield of the Gong {rElec rN+ MR+ EV-5}
rNeg     + . .     Faith    .   I - +15 Maxwell's patent armour {-Cast -Tele rElec MR+ rCorr}
rPois    +         Spirit   +   c - +0 helmet
rElec    +         Reflect  .   Z - scarf {Spirit}
rCorr    +         Harm     .   (gloves unavailable)
MR       +++..     NoTele   +   (no boots) Stlth ..........NoCast +
                                a - amulet "Arapigoa" {Acrobat rPois rC+++ SInv Stlth-}
HPRegen  1.33/turn              L - ring of Autotheism {Wiz Str+7}
MPRegen  0.21/turn              y - +6 ring of dexterity

@: studying Stealth, very slow
A: claws 3, icy blue scales 2, demonic guardian 1, dopey 1, powered by death 2
a: Bend Time, Temporal Distortion, Slouch, Step From Time, Renounce Religion


You were in the Dungeon.
You worshipped Cheibriados.
Cheibriados was exalted by your worship.
You were not hungry.

You visited 1 branch

Inventory:

Hand Weapons
 N - the +0 sword of Power
   (You found it in the Dungeon)
 O - the +9 sword of Zonguldrok (weapon) {reap}
   (You found it in the Dungeon)

   If a monster killed with it leaves a corpse in good enough shape, the corpse
   will be animated as a zombie friendly to the killer.
Missiles
 d - 3 throwing nets (quivered)
Armour
 c - a +0 helmet (worn)
 l - a +5 crystal plate armour
 B - the +7 chain mail of Responsibility {rElec}
   (You found it in the Dungeon)

   It insulates you from electricity.
 I - the +15 Maxwell's patent armour (worn) {-Cast -Tele rElec MR+ rCorr}
   (You found it in the Dungeon)

   It insulates you from electricity.
   It affects your resistance to hostile enchantments.
   It prevents spellcasting.
   It prevents most forms of teleportation.
   It provides partial protection from all sources of acid and corrosion.
 J - the +18 shield of the Gong (worn) {rElec rN+ MR+ EV-5}
   (You found it in the Dungeon)

   It affects your evasion (-5).
   It insulates you from electricity.
   It protects you from negative energy.
   It affects your resistance to hostile enchantments.
 Q - a +3 large shield
 S - +5 gold dragon scales
 Z - a scarf of spirit shield (worn)
Magical Staves
 U - an uncursed staff of conjuration
Jewellery
 a - the amulet "Arapigoa" (around neck) {Acrobat rPois rC+++ SInv Stlth-}
   (You found it in the Dungeon)

   [amulet of the acrobat]

   It helps you evade while moving and waiting.
   It renders you almost immune to cold.
   It protects you from poison.
   It lets you see invisible.
   It makes you less stealthy.
 h - the ring of Shadows {Umbra +Inv Stlth+}
   (You took it off an efreet in the Dungeon)

   [ring of stealth]

   It lets you turn invisible.
   It makes you more stealthy.
 x - a +6 ring of dexterity
 y - a +6 ring of dexterity (right claw)
 z - a +6 ring of intelligence
 A - a ring of the Octopus King {rC+ AC+1 EV+1 Str+1 Int+1 Dex+1}
   (You took it off a yellow draconian in the Dungeon)

   [ring of protection from cold]

   It affects your AC (+1).
   It affects your evasion (+1).
   It affects your strength (+1).
   It affects your intelligence (+1).
   It affects your dexterity (+1).
   It protects you from cold.
 C - a +6 ring of strength
 D - an uncursed ring of flight
 L - the ring of Autotheism (left claw) {Wiz Str+7}
   (You found it in the Dungeon)

   [ring of wizardry]

   It improves your spell success rate.
   It affects your strength (+7).
Wands
 E - a wand of disintegration (7)
 F - a wand of iceblast (7)
 G - a wand of acid (7)
Scrolls
 k - 4 scrolls of blinking
 s - 4 scrolls of amnesia
 t - 7 scrolls of fog
 u - 5 scrolls of identify
 v - 5 scrolls of remove curse
 w - 2 scrolls of fear
Potions
 e - 9 potions of curing
 g - 11 potions of heal wounds
 i - 2 potions of magic
 j - a potion of berserk rage
 m - 2 potions of brilliance
 n - 2 potions of invisibility
 o - 4 potions of resistance
 p - a potion of experience
 q - 7 potions of agility
 r - 4 potions of might
Books
 V - a manual of Stealth
Miscellaneous
 b - 4 boxes of beasts
 H - a lightning rod (4/4)
 M - a sack of spiders
 X - 5 phantom mirrors
Comestibles
 f - 7 rations


   Skills:
 + Level 20.3 Fighting
 - Level 16.0 Long Blades
 - Level 5.2 Throwing
 + Level 17.7 Armour
 + Level 19.3 Dodging
 - Level 2.9 Stealth
 - Level 15.0 Shields
 + Level 10.4 Spellcasting
 - Level 13.4 Invocations


You had 25 spell levels left.
You knew the following spells:

 Your Spells              Type           Power        Failure   Level  Hunger
a - Dragon's Call         Summ           ##........   100%        9    #######

Your spell library contained the following spells:

 Spells                   Type           Power        Failure   Level  Hunger
 Flame Tongue             Conj/Fire      ##...        6%          1    None
 Pain                     Necr           ##..         6%          1    None
 Ensorcelled Hibernation  Hex/Ice        ##....       10%         2    None
 Shroud of Golubria       Chrm/Tloc      ##........   10%         2    None
 Sublimation of Blood     Necr           ##........   10%         2    None
 Swiftness                Chrm/Air       ##......     10%         2    None
 Ignite Poison            Fire/Tmut/Pois ##......     19%         3    None
 Mephitic Cloud           Conj/Pois/Air  ##......     19%         3    None
 Ozocubu's Armour         Chrm/Ice       ##......     19%         3    None
 Regeneration             Chrm/Necr      ##........   19%         3    None
 Cause Fear               Hex            ##........   52%         4    None
 Ice Form                 Ice/Tmut       ##......     52%         4    None
 Summon Lightning Spire   Summ/Air       ##......     52%         4    None
 Agony                    Necr           ##......     85%         5    ####...
 Blade Hands              Tmut           ##........   85%         5    ####...
 Bolt of Magma            Conj/Fire/Erth ##........   85%         5    ####...
 Irradiate                Conj/Tmut      ##........   85%         5    ####...
 Metabolic Englaciation   Hex/Ice        ##........   85%         5    ####...
 Silence                  Hex/Air        ##........   85%         5    ####...
 Bolt of Fire             Conj/Fire      ##........   100%        6    #####..
 Conjure Ball Lightning   Conj/Air       ##........   100%        6    #####..
 Deflect Missiles         Chrm/Air       ##........   100%        6    #####..
 Freezing Cloud           Conj/Ice/Air   ##........   100%        6    #####..
 Iron Shot                Conj/Erth      ##........   100%        6    #####..
 Dragon Form              Tmut           ##........   100%        7    #######
 Tornado                  Air            ##........   100%        9    #######


Dungeon Overview and Level Annotations

Branches:
Dungeon (1/1)

Altars:
Ashenzari
Cheibriados
Dithmenos
Elyvilon
Fedhas
Gozag
Hepliaklqana
Kikubaaqudgha
Makhleb
Nemelex Xobeh
Okawaru
Qazlal
Ru
Sif Muna
Trog
Uskayaw
Vehumet
Wu Jian
Xom
Yredelemnul
Zin
The Shining One
Beogh
Jiyva
Lugonu


Innate Abilities, Weirdness & Mutations

You have claws for hands.
You are mostly covered in icy blue scales. (AC +3)
A weak demonic guardian rushes to your aid.
You regenerate health from kills.
You are dopey. (Int -2)


Message History

The bolt of fire misses you. The fire dragon misses you.
You riposte.
You slash the fire dragon!
The fire dragon is heavily wounded.
The fire dragon closely misses you. You block the fire dragon's attack.
GONNNNG!
You feel much better.
The fire giant hits you with the +9 long sword "Undertaker" {slice, Dex+5}!
* * * LOW HITPOINT WARNING * * *
x2 The fire dragon breathes flames at you.
The blast of flame hits the fire dragon.
The fire dragon resists.
The blast of flame hits you!
* * * LOW HITPOINT WARNING * * *
The balrug gestures at you.
The bolt of fire hits the fire dragon.
The fire dragon resists.
The fire dragon dies!
The bolt of fire misses you. The fire dragon breathes flames at you.
The blast of flame misses the fire dragon.
The blast of flame hits you!
You die...

▓....≈.)†≈≈
..|.}|}[)..§.▓...≈..(≈)(
.............▓..▓.≈)†.)≈
..........§...▓.▓.▓≈).(≈▓
....2.....§...▓..▓.......
v.....§.RRR§..▓.≈.≈.≈.≈≈.
.....DD2.§C2..▓.≈≈..≈©...
.....§.DECh§..▓▓▓▓▓▓▓▓▓▓▓
▓..§Rh@C▓ . ▓▓...D.▓▓ .▓
...▓.......▓...▓
...............▓
.......©.......▓
▓▓▓▓▓▓▓▓▓▓▓▓▓▓▓▓


You could see 3 fire giants, 4 fire dragons, 3 balrugs, 2 hell hogs, 4 efreet
and a fire elemental.

Vanquished Creatures
  A pandemonium lord (D)
  2 deep elf master archers (D)
  A titan (D)
  A shadow dragon (D)
  2 storm dragons (D)
  A balrug (D)
  A ghoul (D)
  A cacodemon (D)
  A stone giant (D)
  A spriggan defender (D)
  2 green draconians (D)
  3 black draconians (D)
  2 deep elf annihilators (D)
  3 yellow draconians (D)
  3 purple draconians (D)
  A dire elephant (D)
  2 white draconians (D)
  3 merfolk javelineers (D)
  3 fire dragons (D)
  A mummy priest (D)
  5 yaktaur captains (D)
  3 merfolk impalers (D)
  6 spriggan air magi (D)
  3 two-headed ogres (D)
  2 merfolk aquamancers (D)
  6 centaur warriors (D)
  A dancing weapon (D)
  A hell hog (D)
  3 spriggan berserkers (D)
  A thrashing horror (D)
  2 soul eaters (D)
  A deep elf knight (D)
  A wretched star (D)
  4 sea snakes (D)
  3 shambling mangroves (D)
  3 deep elf archers (D)
  2 wolf spiders (D)
  An ugly thing (D)
  4 deep elf magi (D)
  A worldbinder (D)
  2 cyclopes (D)
  A manticore (D)
  2 rust devils (D)
  A merfolk siren (D)
  A smoke demon (D)
  A hellion (D)
  8 efreet (D)
  3 dryads (D)
  2 hellwings (D)
  4 yaktaurs (D)
  An ice devil (D)
  A guardian mummy (D)
  A red devil (D)
  2 trolls (D)
  3 hornets (D)
  5 wind drakes (D)
  2 snapping turtles (D)
  5 air elementals (D)
  3 spriggans (D)
  A yak (D)
  2 ynoxinuls (D)
  A human (shapeshifter) (D)
  3 fire elementals (D)
  A golden eye (shapeshifter) (D)
  A large abomination (D)
  3 chaos spawn (D)
  An insubstantial wisp (D)
  3 hell hounds (D)
  A swamp drake (shapeshifter) (D)
  4 black bears (D)
  A wolf (D)
  A centaur (D)
  An ogre (D)
  A crimson imp (D)
  7 quasits (D)
  2 iron imps (D)
  3 small abominations (D)
  2 adders (D)
  2 shadow imps (D)
  A white imp (D)
  An ufetubus (D)
  An adder zombie (D)
  A bat skeleton (D)
  3 bat zombies (D)
  A butterfly (D)
  4 fire vortices (D)
189 creatures vanquished.

Vanquished Creatures (collateral kills)
  A titan (D)
  A ghoul (D)
  A stone giant (D)
  A dire elephant (D)
  2 merfolk javelineers (D)
  2 merfolk impalers (D)
  A two-headed ogre (D)
  A dancing weapon (D)
  A deep elf mage (D)
  A cyclops (D)
  An ushabti (D)
  An insubstantial wisp (D)
  A water moccasin (D)
  3 crimson imps (D)
  A quasit (D)
  3 mummies (D)
  A bat skeleton (D)
  A bat zombie (D)
  2 ball pythons (D)
  A leopard gecko skeleton (D)
  A spectral quokka (D)
28 creatures vanquished.

Vanquished Creatures (others)
  2 fire dragons (D)
  A merfolk impaler (D)
  A spatial maelstrom (D)
  5 insubstantial wisps (D)
9 creatures vanquished.

Grand Total: 226 creatures vanquished

Notes
Turn   | Place    | Note
-------+----------+-------------------------------------------
     0 | D        | Found the +6 Majin-Bo {vamp, Archmagi MP+6 Int+6}
     0 | D        | Found the +7 great mace "Firestarter" {inner flame, rF++}
     0 | D        | diana the Demonspawn Gladiator began the quest for the Orb.
     0 | D        | Reached XP level 1. HP: 16/16 MP: 1/1
     2 | D        | Banished a spatial maelstrom
     3 | D        | Found a blossoming altar of Fedhas.
     3 | D        | Banished a spatial maelstrom
     4 | D        | Found a transporter.
     4 | D        | Found a viscous altar of Jiyva.
     4 | D        | Found an ancient bone altar of Kikubaaqudgha.
     4 | D        | Found a hazy altar of Hepliaklqana.
     4 | D        | Found a corrupted altar of Lugonu.
     4 | D        | Found an opulent altar of Gozag.
     4 | D        | Found a burning altar of Makhleb.
     5 | D        | Found a deep blue altar of Sif Muna.
     5 | D        | Found a sacrificial altar of Ru.
     5 | D        | Found a bloodstained altar of Trog.
     5 | D        | Found a stormy altar of Qazlal.
     5 | D        | Found an iron altar of Okawaru.
     5 | D        | Found a sparkling altar of Nemelex Xobeh.
    29 | D        | Found the +9 heavy crossbow "Sniper" {velocity, Acc+∞ SInv}
    29 | D        | Found the +10 dark maul {crush}
    29 | D        | Found the +15 Maxwell's patent armour {-Cast -Tele rElec
                  | MR+ rCorr}
    29 | D        | Found the +18 shield of the Gong {rElec rN+ MR+ EV-5}
    29 | D        | Found the cursed +14 obsidian axe {chop, +Fly SInv *Curse}
    32 | D        | Found the +6 shillelagh "Devastator" {shatter}
    32 | D        | Found the +11 plutonium sword {*Contam Stlth-}
    32 | D        | Found the +8 lance "Wyrmbane" {slay drac, rPois rF+ rC+
                  | AC+3}
    32 | D        | Found the +9 sword of Zonguldrok {reap}
    32 | D        | Found the cursed +13 scythe of Curses {drain, *Curse}
    32 | D        | Found the +0 sword of Power
    32 | D        | Found the +7 mace of Variability {chain chaos}
    32 | D        | Found the +7 Singing Sword
    32 | D        | Found the +7 longbow "Piercer" {penet, EV-2}
    60 | D        | Became a worshipper of Cheibriados the Contemplative
   134 | D        | Entered arena 2.
   134 | D        | Noticed a purple ugly thing
   134 | D        | Noticed a swamp drake
   134 | D        | Found a transporter.
   135 | D        | Was placed under penance by Cheibriados
   138 | D        | Killed a swamp drake
   138 | D        | Was forgiven by Cheibriados
   138 | D        | Reached skill level 3 in Fighting
   138 | D        | Reached skill level 5 in Long Blades
   138 | D        | Reached skill level 5 in Dodging
   138 | D        | Reached skill level 1 in Shields
   138 | D        | Gained mutation: You have sharp fingernails. [demonic
                  | ancestry]
   138 | D        | Reached XP level 2. HP: 24/24 MP: 2/2
   138 | D        | Gained mutation: You are partially covered in icy blue
                  | scales. (AC +2) [demonic ancestry]
   138 | D        | Reached XP level 3. HP: 29/29 MP: 3/3
   138 | D        | Gained mutation: You have very sharp fingernails. [demonic
                  | ancestry]
   138 | D        | Reached XP level 4. HP: 35/35 MP: 4/4
   150 | D        | Killed a purple ugly thing
   150 | D        | Reached skill level 5 in Fighting
   150 | D        | Reached XP level 5. HP: 21/44 MP: 5/5
   150 | D        | Gained mutation: You regenerate a little health from kills.
                  | [demonic ancestry]
   150 | D        | Reached XP level 6. HP: 24/51 MP: 6/6
   299 | D        | Entered arena 3.
   299 | D        | Noticed an insubstantial wisp
   299 | D        | Noticed an air elemental
   299 | D        | Noticed an insubstantial wisp
   299 | D        | Found a transporter.
   302 | D        | Killed an insubstantial wisp
   305 | D        | Killed an air elemental
   305 | D        | Reached * piety under Cheibriados
   305 | D        | Reached skill level 6 in Fighting
   305 | D        | Reached XP level 7. HP: 43/58 MP: 7/7
   310 | D        | Got the Disquisition on Ghastly Clay
   377 | D        | Entered arena 4.
   377 | D        | Noticed a deep elf knight
   377 | D        | Noticed a deep elf mage
   377 | D        | Noticed a trident of venom
   377 | D        | Noticed a deep elf mage
   377 | D        | Found a transporter.
   379 | D        | Was placed under penance by Cheibriados
   384 | D        | Killed a deep elf mage
   384 | D        | Was forgiven by Cheibriados
   384 | D        | Reached skill level 10 in Long Blades
   387 | D        | Killed a deep elf knight
   387 | D        | Reached ** piety under Cheibriados
   387 | D        | Reached skill level 7 in Fighting
   387 | D        | Reached skill level 5 in Throwing
   387 | D        | Reached skill level 5 in Shields
   387 | D        | Gained mutation: You regenerate health from kills. [demonic
                  | ancestry]
   387 | D        | Reached XP level 8. HP: 67/67 MP: 8/8
   389 | D        | Killed a deep elf mage
   397 | D        | Killed a trident of venom
   397 | D        | Reached skill level 8 in Fighting
   397 | D        | Reached skill level 1 in Armour
   397 | D        | Reached XP level 9. HP: 48/74 MP: 9/9
   400 | D        | Entered arena 5.
   400 | D        | Found a transporter.
   401 | D        | Reached *** piety under Cheibriados
   407 | D        | Reached **** piety under Cheibriados
   414 | D        | Got the +4 great sword "Zeocojio" {speed, -Tele rC- MR+++
                  | SInv}
   417 | D        | Got the +8 short sword "Viddivoc" {protect, *Drain rElec
                  | rPois Dex+8}
   419 | D        | Entered arena 6.
   419 | D        | Found a transporter.
   422 | D        | Reached ***** piety under Cheibriados
   432 | D        | Entered arena 7.
   433 | D        | Found the +12 glaive of Prune {chop}
   433 | D        | Found a transporter.
   438 | D        | Reached ****** piety under Cheibriados
   460 | D        | Entered arena 8.
   460 | D        | Noticed a mummy priest
   460 | D        | Noticed a guardian mummy
   462 | D        | Found a transporter.
   463 | D        | Noticed a phantasmal warrior
   469 | D        | Noticed a red devil
   470 | D        | Killed a guardian mummy
   470 | D        | Reached skill level 1 in Stealth
   475 | D        | Noticed a flayed ghost
   476 | D        | Killed a mummy priest
   479 | D        | Got the Disquisition on the Glacier and Necromancy
   481 | D        | Got the cursed ring "Yduyfill" {Str-3 Dex+2}
   483 | D        | Entered arena 9.
   484 | D        | Found a transporter.
   486 | D        | Reached skill level 9 in Fighting
   495 | D        | Gained mutation: A weak demonic guardian rushes to your
                  | aid. [demonic ancestry]
   495 | D        | Reached XP level 10. HP: 81/82 MP: 10/10
   501 | D        | Reached skill level 10 in Shields
   508 | D        | Got the ring "Lodu" {rElec MP+9 Str+5 Dex-4}
   510 | D        | Got the Collected Works on Aid and Moulding
   518 | D        | Entered arena 10.
   518 | D        | Noticed a cyclops
   518 | D        | Noticed a two-headed ogre
   518 | D        | Noticed a two-headed ogre
   518 | D        | Noticed a two-headed ogre
   518 | D        | Noticed a two-headed ogre
   519 | D        | Found a transporter.
   523 | D        | Killed a two-headed ogre
   525 | D        | Reached skill level 10 in Dodging
   536 | D        | Killed a two-headed ogre
   537 | D        | Killed a two-headed ogre
   537 | D        | Reached skill level 10 in Fighting
   545 | D        | Killed a two-headed ogre
   545 | D        | Reached skill level 5 in Invocations
   550 | D        | Killed a cyclops
   550 | D        | Reached skill level 5 in Armour
   562 | D        | Entered arena 11.
   562 | D        | Noticed Viq Dere the pandemonium lord
   562 | D        | Noticed a soul eater
   562 | D        | Noticed a rust devil
   562 | D        | Noticed a rust devil
   563 | D        | Found the +0 Maxwell's etheric cage {RegenMP+ *Contam rElec
                  | MP+4}
   563 | D        | Noticed an eye of devastation
   563 | D        | Noticed an eye of devastation
   563 | D        | Found a transporter.
   563 | D        | Noticed a shining eye
   567 | D        | Killed a rust devil
   567 | D        | Gained mutation: You have claws for hands. [demonic
                  | ancestry]
   567 | D        | Reached XP level 11. HP: 84/91 MP: 1/15
   575 | D        | Killed a soul eater
   580 | D        | Paralysed by a floating eye for 3 turns
   612 | D        | Killed Viq Dere the pandemonium lord
   612 | D        | Reached skill level 11 in Fighting
   612 | D        | Reached skill level 15 in Long Blades
   630 | D        | Entered arena 12.
   630 | D        | Noticed a ghoul
   630 | D        | Noticed a soul eater
   631 | D        | Noticed a ghoul
   634 | D        | Found a transporter.
   643 | D        | Killed a ghoul
   650 | D        | Killed a soul eater
   656 | D        | Killed a ghoul
   677 | D        | Got the amulet "Arapigoa" {Acrobat rPois rC+++ SInv Stlth-}
   687 | D        | Entered arena 13.
   687 | D        | Noticed a deep elf mage
   687 | D        | Noticed a deep elf archer
   687 | D        | Noticed a deep elf annihilator
   687 | D        | Noticed a deep elf mage
   687 | D        | Noticed a deep elf mage
   687 | D        | Noticed a deep elf archer
   688 | D        | Noticed a deep elf annihilator
   688 | D        | Noticed a halberd of chopping
   688 | D        | Noticed a deep elf archer
   688 | D        | Noticed a deep elf master archer
   692 | D        | Killed a deep elf mage
   698 | D        | Killed a deep elf master archer
   698 | D        | Reached skill level 12 in Fighting
   698 | D        | Reached skill level 10 in Invocations
   698 | D        | Reached XP level 12. HP: 97/101 MP: 14/19
   710 | D        | Killed a deep elf annihilator
   714 | D        | Found a transporter.
   719 | D        | Killed a deep elf annihilator
   731 | D        | Entered arena 14.
   782 | D        | Reached skill level 13 in Fighting
   789 | D        | Found a transporter.
   824 | D        | Learned a level 9 spell: Dragon's Call
   824 | D        | Entered arena 15.
   825 | D        | Noticed a fire dragon
   825 | D        | Noticed a fire dragon
   825 | D        | Noticed a fire dragon
   826 | D        | Noticed a hell hog
   839 | D        | Killed a hell hog
   842 | D        | Reached skill level 10 in Armour
   844 | D        | Killed a fire dragon
   848 | D        | Killed a fire dragon
   850 | D        | Killed a fire dragon
   853 | D        | Found a transporter.
   866 | D        | Got Sif Muna's Catalogue of Frigorific Lightness
   875 | D        | Entered arena 16.
   876 | D        | Noticed a purple draconian
   876 | D        | Noticed a purple draconian
   876 | D        | Noticed a white draconian
   876 | D        | Noticed a black draconian
   876 | D        | Noticed a green draconian
   876 | D        | Noticed a white draconian
   876 | D        | Noticed a yellow draconian
   876 | D        | Noticed a purple draconian
   876 | D        | Noticed a shadow dragon
   876 | D        | Noticed a black draconian
   876 | D        | Noticed a yellow draconian
   876 | D        | Noticed a black draconian
   876 | D        | Noticed a green draconian
   877 | D        | Noticed a yellow draconian
   883 | D        | Killed a white draconian
   883 | D        | Reached XP level 13. HP: 61/112 MP: 12/23
   883 | D        | Killed a purple draconian
   883 | D        | Killed a purple draconian
   883 | D        | Reached skill level 14 in Fighting
   884 | D        | Killed a purple draconian
   884 | D        | Killed a white draconian
   884 | D        | Killed a yellow draconian
   884 | D        | Killed a black draconian
   886 | D        | Killed a black draconian
   887 | D        | Killed a green draconian
   887 | D        | Killed a yellow draconian
   887 | D        | Killed a black draconian
   887 | D        | Reached skill level 15 in Fighting
   887 | D        | Killed a yellow draconian
   887 | D        | Killed a green draconian
   891 | D        | Killed a shadow dragon
   891 | D        | Reached skill level 15 in Shields
   892 | D        | Found a transporter.
   893 | D        | Got a ring of the Octopus King {rC+ AC+1 EV+1 Str+1 Int+1
                  | Dex+1}
   902 | D        | Entered arena 17.
   905 | D        | Noticed a cacodemon
   910 | D        | Reached skill level 15 in Dodging
   935 | D        | Gained mutation: You are dopey. (Int -2) [a cacodemon]
   936 | D        | Killed a cacodemon
   937 | D        | Found a transporter.
   945 | D        | Got the ring "Ewayjius" {rC+ SInv}
   966 | D        | Entered arena 18.
   969 | D        | Noticed a titan
   969 | D        | Noticed a storm dragon
   969 | D        | Noticed a titan
   970 | D        | Noticed a storm dragon
   970 | D        | Found a transporter.
   971 | D        | Reached skill level 16 in Fighting
   973 | D        | Killed a titan
   977 | D        | Killed a storm dragon
   980 | D        | Gained mutation: You are mostly covered in icy blue scales.
                  | (AC +3) [demonic ancestry]
   980 | D        | Reached XP level 14. HP: 68/126 MP: 2/24
   984 | D        | Killed a storm dragon
   988 | D        | Killed a titan
  1000 | D        | Got the ring "Plog" {rPois rF++ Str-4 Int+4 SInv}
  1022 | D        | Entered arena 19.
  1030 | D        | Reached skill level 17 in Fighting
  1038 | D        | Found a transporter.
  1054 | D        | Reached skill level 15 in Armour
  1068 | D        | Reached skill level 18 in Fighting
  1098 | D        | Entered arena 20.
  1106 | D        | Noticed a spriggan defender
  1108 | D        | Reached skill level 1 in Spellcasting
  1109 | D        | Killed a spriggan defender
  1122 | D        | Reached skill level 5 in Spellcasting
  1156 | D        | Found a transporter.
  1165 | D        | Got the ring of Autotheism {Wiz Str+7}
  1174 | D        | Got the +7 chain mail of Responsibility {rElec}
  1177 | D        | Entered arena 21.
  1181 | D        | Noticed a stone giant
  1182 | D        | Noticed a stone giant
  1182 | D        | Noticed a deep elf master archer
  1184 | D        | Identified the +10 war axe "Vuwous" {chop, rElec rPois rN+
                  | Int-5}
  1186 | D        | Reached skill level 19 in Fighting
  1186 | D        | Reached XP level 15. HP: 58/139 MP: 16/26
  1188 | D        | Killed a deep elf master archer
  1195 | D        | Found a transporter.
  1198 | D        | Reached skill level 20 in Fighting
  1210 | D        | Entered arena 22.
  1218 | D        | Noticed a fire giant
  1219 | D        | Noticed a fire giant
  1219 | D        | Noticed a fire giant
  1223 | D        | Reached skill level 10 in Spellcasting
  1229 | D        | Killed from afar by a fire dragon

Skill      XL: |  1  2  3  4  5  6  7  8  9 10 11 12 13 14 15 |
---------------+----------------------------------------------+-----
Fighting       | 3 5 6 7 8 9 10 12 13 16 19 20 | 20.3
Long Blades    | 5 8 9 11 12 13 14 16 | 16.0
Throwing       | 3 4 5 |  5.2
Dodging        | 5 7 9 10 12 13 15 18 19 | 19.3
Shields        | 1 2 3 5 7 9 10 12 13 15 | 15.0
Armour         | 1 2 5 8 10 13 16 17 | 17.7
Stealth        | 2 |  2.9
Invocations    | 6 10 13 | 13.4
Spellcasting   | 7 10 | 10.4

Action                   |  1- 3 |  4- 6 |  7- 9 | 10-12 | 13-15 || total
-------------------------+-------+-------+-------+-------+-------++-------
Melee: Double sword      |     3 |    13 |    50 |   196 |   149 ||   411
Invok: Slouch            |       |       |       |     8 |    16 ||    24
  Use: Potion            |     1 |       |     2 |     4 |     5 ||    12
 Stab: Distracted        |       |       |     2 |     3 |     1 ||     6
       Confused          |       |       |       |     2 |       ||     2
  Eat: Chunk             |       |       |       |       |     4 ||     4
Armor: Plate armour      |       |     5 |    60 |    91 |    69 ||   225
Dodge: Dodged            |       |     1 |    17 |   124 |   159 ||   301
Block: Shield            |     5 |    16 |   136 |   355 |   390 ||   902
       Rpst.: Double sword |       |     1 |     3 |    11 |    23 ||    38
